HSSL
BISHOP GORMAN HS BALBASAURS @ JEFFERSONVILLE-YOUNGSVILLE CENTRAL HS TROJANS
05/07/2027
 
TOP OF THE 1ST
Bishop Gorman HS Balbasaurs batting - Pitching for Jeffersonville-Youngsville Central HS Trojans : RHP Vince Hawk
Pitching: RHP Vince Hawk
Batting: RHB Chris Cox 0-0: Foul Ball, location: 2F
0-1: Foul Ball, location: 2F
0-2: Ball
1-2: Ball
2-2: Strikes out looking
Batting: RHB Sidney Gilbert 0-0: Swinging Strike
0-1: Ball
1-1: Foul Ball, location: 2F
1-2: Fly out, F8 (Flyball, 8LS)
Batting: RHB José Díaz 0-0: Ball
1-0: Ball
2-0: Called Strike
2-1: Ball
3-1: Base on Balls
Batting: LHB Guillermo Peña 0-0: Called Strike
José Díaz steals 2nd base
0-1: Ball
1-1: Foul Ball, location: 2F
1-2: Ball
2-2: Fly out, F7 (Flyball, 7D)
Top of the 1st over - 0 run(s), 0 hit(s), 0 error(s), 1 left on base; Bishop Gorman HS 0 - Jeffersonville-Youngsville Central HS 0
BOTTOM OF THE 1ST
Jeffersonville-Youngsville Central HS Trojans batting - Pitching for Bishop Gorman HS Balbasaurs : RHP Carter Boss
Pitching: RHP Carter Boss
Batting: RHB José Rocha 0-0: Ball
1-0: Ball
2-0: Fly out, F7 (Flyball, 7D)
Batting: RHB Steve Mitchell 0-0: Swinging Strike
0-1: Ball
1-1: Swinging Strike
1-2: Foul Ball, location: 2F
1-2: Strikes out swinging
Batting: LHB Ben Webb 0-0: Called Strike
0-1: Ball
1-1: Called Strike
1-2: Foul Ball, location: 2F
1-2: Strikes out swinging
Bottom of the 1st over - 0 run(s), 0 hit(s), 0 error(s), 0 left on base; Bishop Gorman HS 0 - Jeffersonville-Youngsville Central HS 0
TOP OF THE 2ND
Bishop Gorman HS Balbasaurs batting - Pitching for Jeffersonville-Youngsville Central HS Trojans : RHP Vince Hawk
Batting: RHB Scotty Humphrey 0-0: Swinging Strike
0-1: Ball
1-1: Ball
2-1: SINGLE (Groundball, 6MD)
Batting: LHB Zhen-bang Rao 0-0: Ball
1-0: Called Strike
1-1: Swinging Strike
1-2: Ball
2-2: Foul Ball, location: 2F
2-2: Ball
3-2: Base on Balls
Scotty Humphrey to second
Batting: RHB Jake Rutledge 0-0: Foul Ball, location: 2F
0-1: Ball
1-1: Swinging Strike
1-2: Strikes out swinging
Batting: RHB Mario Ramírez 0-0: Foul Ball, location: 2F
0-1: Fly out, F9 (Flyball, 9)
Batting: RHB Ramón Chávez 0-0: Swinging Strike
0-1: Foul Ball, location: 2F
0-2: Ball
1-2: Ball
2-2: Ball
3-2: Ground out 6-3 (Groundball, 6)
Top of the 2nd over - 0 run(s), 1 hit(s), 0 error(s), 2 left on base; Bishop Gorman HS 0 - Jeffersonville-Youngsville Central HS 0
BOTTOM OF THE 2ND
Jeffersonville-Youngsville Central HS Trojans batting - Pitching for Bishop Gorman HS Balbasaurs : RHP Carter Boss
Batting: RHB Ben Bradley 0-0: Ball
1-0: Called Strike
1-1: Swinging Strike
1-2: Ball
2-2: Ball
3-2: Strikes out swinging
Batting: LHB Tomás Mata 0-0: Ball
1-0: Foul Ball, location: 2F
1-1: Ball
2-1: Foul Ball, location: 2F
2-2: Foul Ball, location: 2F
2-2: Foul Ball, location: 2F
2-2: Ground out 4-3 (Groundball, 4D)
Batting: RHB Duane Bradley 0-0: Ball
1-0: Ball
2-0: Called Strike
2-1: Called Strike
2-2: Ball
3-2: Base on Balls
Batting: RHB Robbie Harris 0-0: Fly out, F9 (Flyball, 9LSF)
Bottom of the 2nd over - 0 run(s), 0 hit(s), 0 error(s), 1 left on base; Bishop Gorman HS 0 - Jeffersonville-Youngsville Central HS 0
TOP OF THE 3RD
Bishop Gorman HS Balbasaurs batting - Pitching for Jeffersonville-Youngsville Central HS Trojans : RHP Vince Hawk
Batting: RHB Chris Cox 0-0: Hit by Pitch
Batting: RHB Sidney Gilbert 0-0: Called Strike
Chris Cox steals 2nd base
0-1: Fly out, F8 (Flyball, 8RD)
Runner from 2nd tags up, SAFE at 3rd, no throw
Batting: RHB José Díaz 0-0: Ball
1-0: Called Strike
1-1: Fly out, F8 (Flyball, 8RM)
Runner from 3rd tags up, SCORES, no throw
Batting: LHB Guillermo Peña 0-0: Foul Ball, location: 2F
0-1: Ball
1-1: Ball
2-1: Ball
3-1: Called Strike
3-2: SINGLE (Line Drive, 6D)
Batting: RHB Scotty Humphrey 0-0: Ball
1-0: Ball
2-0: Swinging Strike
2-1: Foul Ball, location: 2F
2-2: Ball
3-2: Base on Balls
Guillermo Peña to second
Batting: LHB Zhen-bang Rao 0-0: Ball
Wild Pitch!
Guillermo Peña to third
Scotty Humphrey to second
1-0: Foul Ball, location: 2F
1-1: DOUBLE (Line Drive, 9)
Guillermo Peña scores
Scotty Humphrey scores
Batting: RHB Jake Rutledge 0-0: Ball
1-0: Foul Ball, location: 2F
1-1: Ball
2-1: Ball
3-1: Base on Balls
Batting: RHB Mario Ramírez 0-0: Fly out, F7 (Flyball, 7)
Top of the 3rd over - 3 run(s), 2 hit(s), 0 error(s), 2 left on base; Bishop Gorman HS 3 - Jeffersonville-Youngsville Central HS 0
BOTTOM OF THE 3RD
Jeffersonville-Youngsville Central HS Trojans batting - Pitching for Bishop Gorman HS Balbasaurs : RHP Carter Boss
Batting: RHB Mike Weeks 0-0: Ball
1-0: Called Strike
1-1: Called Strike
1-2: Foul Ball, location: 2F
1-2: DOUBLE (Line Drive, 7LM)
Batting: RHB Albert Hunt 0-0: Ball
Wild Pitch!
Mike Weeks to third
1-0: Ground out 5-3 (Groundball, 56S)
Mike Weeks scores
Batting: RHB José Rocha 0-0: Called Strike
0-1: Ball
1-1: Ball
2-1: Foul Ball, location: 2F
2-2: Foul Ball, location: 2F
2-2: Foul Ball, location: 2F
2-2: Ball
3-2: Foul Ball, location: 2F
3-2: Foul Ball, location: 2F
3-2: SINGLE (Groundball, 56D)
Batting: RHB Steve Mitchell 0-0: Called Strike
0-1: Ball
1-1: Foul Ball, location: 2F
1-2: Foul Ball, location: 2F
1-2: Foul Ball, location: 2F
1-2: Ball
2-2: Strikes out looking
Batting: LHB Ben Webb 0-0: Ball
1-0: Ball
2-0: Foul Ball, location: 2F
2-1: Called Strike
2-2: Foul Ball, location: 2F
2-2: Ball
3-2: Base on Balls
José Rocha to second
Batting: RHB Ben Bradley 0-0: Foul Ball, location: 2F
0-1: Ball
1-1: Ball
2-1: SINGLE (Groundball, 56D)
José Rocha to third
Ben Webb to second
Runner from 3rd tries for Home, SAFE, no throw
Batting: LHB Tomás Mata 0-0: Called Strike
0-1: Ball
1-1: SINGLE (Groundball, 6MD)
Ben Webb to third
Ben Bradley to second
Runner from 3rd tries for Home, SAFE, throw made at trailing runner, OUT at third!
Bottom of the 3rd over - 3 run(s), 4 hit(s), 0 error(s), 1 left on base; Bishop Gorman HS 3 - Jeffersonville-Youngsville Central HS 3
TOP OF THE 4TH
Bishop Gorman HS Balbasaurs batting - Pitching for Jeffersonville-Youngsville Central HS Trojans : RHP Vince Hawk
Batting: RHB Ramón Chávez 0-0: Ball
1-0: Called Strike
1-1: Ball
2-1: Ball
3-1: Base on Balls
Batting: RHB Chris Cox 0-0: Ball
1-0: Called Strike
1-1: Ball
2-1: Fielders Choice at 2nd, 6-4 (Groundball, 6)
Batting: RHB Sidney Gilbert 0-0: Ball
1-0: Foul Ball, location: 2F
1-1: Ball
2-1: Fly out, F8 (Line Drive, 8LM)
Batting: RHB José Díaz 0-0: Called Strike
0-1: Ball
1-1: Ball
2-1: Ball
3-1: Base on Balls
Chris Cox to second
Batting: LHB Guillermo Peña 0-0: Ball
1-0: Foul Ball, location: 2F
1-1: Called Strike
1-2: Ball
2-2: Strikes out looking
Top of the 4th over - 0 run(s), 0 hit(s), 0 error(s), 2 left on base; Bishop Gorman HS 3 - Jeffersonville-Youngsville Central HS 3
BOTTOM OF THE 4TH
Jeffersonville-Youngsville Central HS Trojans batting - Pitching for Bishop Gorman HS Balbasaurs : RHP Carter Boss
Batting: RHB Duane Bradley 0-0: Called Strike
0-1: Ball
1-1: Ball
2-1: Ball
3-1: Base on Balls
Batting: RHB Robbie Harris 0-0: Foul Ball, location: 2F
0-1: Fly out, F8 (Flyball, 89M)
Batting: RHB Mike Weeks 0-0: Ball
1-0: Ball
2-0: Called Strike
2-1: Fly out, F8 (Flyball, 8LM)
Pitching: RHP Ronnie Couch
Batting: RHB Albert Hunt 0-0: Ball
1-0: Foul Ball, location: 2F
1-1: Reached on error, E6 (Groundball, 6)
Duane Bradley to second
Batting: RHB José Rocha 0-0: Called Strike
0-1: Ball
1-1: Called Strike
1-2: Ball
2-2: DOUBLE (Line Drive, 78D)
Duane Bradley scores
Albert Hunt to third
Runner from 3rd tries for Home, SAFE, no throw
Batting: RHB Steve Mitchell 0-0: Called Strike
0-1: Swinging Strike
0-2: Foul Ball, location: 2F
0-2: Strikes out looking
Bottom of the 4th over - 2 run(s), 1 hit(s), 1 error(s), 1 left on base; Bishop Gorman HS 3 - Jeffersonville-Youngsville Central HS 5
TOP OF THE 5TH
Bishop Gorman HS Balbasaurs batting - Pitching for Jeffersonville-Youngsville Central HS Trojans : RHP Vince Hawk
Batting: RHB Scotty Humphrey 0-0: Foul Ball, location: 2F
0-1: Ball
1-1: Foul Ball, location: 2F
1-2: Ball
2-2: Ball
3-2: DOUBLE (Line Drive, 9)
Pitching: RHP Jim Bryant
Batting: LHB Zhen-bang Rao 0-0: Ball
1-0: Ball
2-0: Called Strike
2-1: Swinging Strike
2-2: DOUBLE (Flyball, 8LD)
Scotty Humphrey scores
Batting: RHB Jake Rutledge 0-0: Ball
1-0: Called Strike
1-1: Fly out, F9 (Flyball, 89M)
Runner from 2nd tags up, SAFE at 3rd with throw
Pitching: RHP Marty Ford
Batting: RHB Mario Ramírez 0-0: Ball
1-0: Ball
2-0: Fly out, F9 (Flyball, 9LS)
Batting: RHB Ramón Chávez 0-0: Ball
1-0: Fly out, F6 (Popup, 6MD)
Top of the 5th over - 1 run(s), 2 hit(s), 0 error(s), 1 left on base; Bishop Gorman HS 4 - Jeffersonville-Youngsville Central HS 5
BOTTOM OF THE 5TH
Jeffersonville-Youngsville Central HS Trojans batting - Pitching for Bishop Gorman HS Balbasaurs : RHP Ronnie Couch
Batting: LHB Ben Webb 0-0: Called Strike
0-1: Foul Ball, location: 2F
0-2: Ball
1-2: Strikes out swinging
Batting: RHB Ben Bradley 0-0: Foul Ball, location: 2F
0-1: Ball
1-1: Ball
2-1: Called Strike
2-2: Foul Ball, location: 2F
2-2: Strikes out swinging
Batting: LHB Tomás Mata 0-0: Ball
1-0: Ball
2-0: Ball
3-0: Called Strike
3-1: Called Strike
3-2: Ground out 4-3 (Groundball, 4)
Bottom of the 5th over - 0 run(s), 0 hit(s), 0 error(s), 0 left on base; Bishop Gorman HS 4 - Jeffersonville-Youngsville Central HS 5
TOP OF THE 6TH
Bishop Gorman HS Balbasaurs batting - Pitching for Jeffersonville-Youngsville Central HS Trojans : RHP Marty Ford
Batting: RHB Chris Cox 0-0: Ball
1-0: Fly out, F8 (Flyball, 78M)
Pitching: RHP James Baker
Batting: RHB Sidney Gilbert 0-0: SINGLE (Flyball, 78S)
Pitching: RHP Victor Justice
Batting: RHB José Díaz 0-0: Ball
Sidney Gilbert steals 2nd base
1-0: Foul Ball, location: 2F
1-1: Ball
2-1: Ground out 5-3 (Groundball, 56)
Batting: LHB Guillermo Peña Balk!
Sidney Gilbert to third
0-0: Ball
1-0: Called Strike
1-1: Called Strike
1-2: Ball
2-2: Foul Ball, location: 2F
2-2: Ball
3-2: Foul Ball, location: 2F
3-2: Foul Ball, location: 2F
3-2: Foul Ball, location: 2F
3-2: Fly out, F8 (Flyball, 78M)
Top of the 6th over - 0 run(s), 1 hit(s), 0 error(s), 1 left on base; Bishop Gorman HS 4 - Jeffersonville-Youngsville Central HS 5
BOTTOM OF THE 6TH
Jeffersonville-Youngsville Central HS Trojans batting - Pitching for Bishop Gorman HS Balbasaurs : RHP Ronnie Couch
Batting: RHB Duane Bradley 0-0: Foul Ball, location: 2F
0-1: Ball
1-1: SINGLE (Groundball, 3D)
Pitching: RHP Hugues Proulx
Batting: RHB Robbie Harris 0-0: Swinging Strike
0-1: Fly out, F7 (Line Drive, 7)
Batting: RHB Mike Weeks 0-0: Called Strike
0-1: Ball
1-1: Foul Ball, location: 2F
1-2: Strikes out swinging
Batting: RHB Albert Hunt 0-0: Swinging Strike
0-1: Ball
1-1: Ball
2-1: Called Strike
2-2: Foul Ball, location: 2F
2-2: Ground out 6-3 (Groundball, 6S)
Bottom of the 6th over - 0 run(s), 1 hit(s), 0 error(s), 1 left on base; Bishop Gorman HS 4 - Jeffersonville-Youngsville Central HS 5
TOP OF THE 7TH
Bishop Gorman HS Balbasaurs batting - Pitching for Jeffersonville-Youngsville Central HS Trojans : RHP Victor Justice
Batting: RHB Scotty Humphrey 0-0: Called Strike
0-1: Ball
1-1: Foul Ball, location: 2F
1-2: Ball
2-2: Fly out, F5 (Popup, 5S)
Batting: LHB Zhen-bang Rao 0-0: Called Strike
0-1: Ball
1-1: Foul Ball, location: 2F
1-2: Ball
2-2: Ball
3-2: SINGLE (Flyball, 8LS)
Batting: RHB Jake Rutledge 0-0: Ball
Wild Pitch!
Zhen-bang Rao to second
1-0: Ball
Zhen-bang Rao steals 3rd base
2-0: Called Strike
2-1: Ball
3-1: Ground out 4-3 (Groundball, 4)
Batting: RHB Mario Ramírez 0-0: Ball
1-0: Ball
2-0: Ball
3-0: Base on Balls
Batting: RHB Ramón Chávez 0-0: Ball
1-0: Ball
2-0: Foul Ball, location: 2F
2-1: Ball
3-1: Base on Balls
Mario Ramírez to second
Batting: RHB Chris Cox 0-0: Ball
1-0: Foul Ball, location: 2F
1-1: SINGLE (Groundball, 6MD)
Zhen-bang Rao scores
Mario Ramírez to third
Ramón Chávez to second
Runner from 3rd tries for Home, SAFE, no throw
Batting: RHB Sidney Gilbert 0-0: Reached on error, E2 (Groundball, 2R)
Ramón Chávez scores
Chris Cox to third
Batting: RHB José Díaz 0-0: Foul Ball, location: 2F
0-1: Ball
1-1: Ball
2-1: Ball
3-1: Base on Balls
Batting: LHB Guillermo Peña 0-0: Foul Ball, location: 2F
0-1: Ball
1-1: Ball
2-1: Foul Ball, location: 2F
2-2: Ball
3-2: Base on Balls
Chris Cox scores
Sidney Gilbert to third
José Díaz to second
Batting: RHB Scotty Humphrey 0-0: Foul Ball, location: 2F
0-1: Swinging Strike
0-2: Ball
1-2: Foul Ball, location: 2F
1-2: Ball
2-2: Ball
3-2: Fly out, F7 (Flyball, 7LMF)
Top of the 7th over - 4 run(s), 2 hit(s), 1 error(s), 3 left on base; Bishop Gorman HS 8 - Jeffersonville-Youngsville Central HS 5
BOTTOM OF THE 7TH
Jeffersonville-Youngsville Central HS Trojans batting - Pitching for Bishop Gorman HS Balbasaurs : RHP Hugues Proulx
Batting: RHB José Rocha 0-0: Ball
1-0: Ball
2-0: Ball
3-0: Called Strike
3-1: Called Strike
3-2: Base on Balls
Batting: RHB Steve Mitchell 0-0: Ball
1-0: Ball
2-0: Ball
3-0: Called Strike
3-1: Fly out, F9 (Flyball, 9LMF)
Batting: LHB Ben Webb 0-0: Ball
1-0: Ball
2-0: Ball
3-0: Called Strike
3-1: Fielders Choice at 2nd, 4-6 (Groundball, 34)
Batting: RHB Ben Bradley 0-0: Ball
1-0: Ball
2-0: Swinging Strike
2-1: Foul Ball, location: 2F
2-2: SINGLE (Line Drive, 78S)
Ben Webb to second
Batting: LHB Tomás Mata 0-0: Foul Ball, location: 2F
0-1: Foul Ball, location: 2F
0-2: Foul Ball, location: 2F
0-2: Foul Ball, location: 2F
0-2: Foul Ball, location: 2F
0-2: DOUBLE (Line Drive, 78D)
Ben Webb scores
Ben Bradley to third
Pitching: RHP Keith Crabtree
Batting: RHB Duane Bradley 0-0: Called Strike
0-1: Ball
1-1: Foul Ball, location: 2F
1-2: Ball
2-2: Ball
3-2: Base on Balls
Batting: RHB Robbie Harris 0-0: Ball
1-0: Ball
2-0: Ball
3-0: Called Strike
3-1: Base on Balls
Ben Bradley scores
Tomás Mata to third
Duane Bradley to second
Pinch Hitting: RHB Albert Smedley 0-0: Reached on error, E4 (Groundball, 4)
Tomás Mata scores
Duane Bradley to third
Robbie Harris to second
Batting: RHB Albert Hunt 0-0: Foul Ball, location: 2F
0-1: Foul Ball, location: 2F
0-2: Ball
1-2: Foul Ball, location: 2F
1-2: Ball
2-2: Ball
3-2: Strikes out swinging
Bottom of the 7th over - 3 run(s), 2 hit(s), 1 error(s), 3 left on base; Bishop Gorman HS 8 - Jeffersonville-Youngsville Central HS 8
TOP OF THE 8TH
Bishop Gorman HS Balbasaurs batting - Pitching for Jeffersonville-Youngsville Central HS Trojans : RHP Victor Justice
Pitching: LHP Mike McGee
Now in CF: Albert Smedley
Batting: LHB Zhen-bang Rao 0-0: Ball
1-0: Ball
2-0: Foul Ball, location: 2F
2-1: Foul Ball, location: 2F
2-2: SINGLE (Line Drive, 6MD)
Batting: RHB Jake Rutledge 0-0: Reached on error, E5 (Groundball, 5S)
Zhen-bang Rao to second
Batting: RHB Mario Ramírez 0-0: Ball
1-0: Ball
2-0: Ball
3-0: Base on Balls
Zhen-bang Rao to third
Jake Rutledge to second
Batting: RHB Ramón Chávez 0-0: Foul Ball, location: 2F
0-1: Ball
1-1: Ball
2-1: Called Strike
2-2: Ball
3-2: Foul Ball, location: 2F
3-2: Base on Balls
Zhen-bang Rao scores
Jake Rutledge to third
Mario Ramírez to second
Batting: RHB Chris Cox 0-0: Ball
1-0: Foul Ball, location: 2F
1-1: Ball
2-1: Ball
3-1: Base on Balls
Jake Rutledge scores
Mario Ramírez to third
Ramón Chávez to second
Batting: RHB Sidney Gilbert 0-0: Ball
1-0: Ball
2-0: Ball
3-0: Called Strike
3-1: Foul Ball, location: 2F
3-2: Foul Ball, location: 2F
3-2: Base on Balls
Mario Ramírez scores
Ramón Chávez to third
Chris Cox to second
Batting: RHB José Díaz 0-0: Ball
1-0: Called Strike
1-1: Ball
2-1: Ball
3-1: Called Strike
3-2: Foul Ball, location: 2F
3-2: Base on Balls
Ramón Chávez scores
Chris Cox to third
Sidney Gilbert to second
Batting: LHB Guillermo Peña 0-0: Ball
1-0: Foul Ball, location: 2F
1-1: Swinging Strike
1-2: Ball
2-2: Ball
3-2: Base on Balls
Chris Cox scores
Sidney Gilbert to third
José Díaz to second
Batting: RHB Scotty Humphrey 0-0: Foul Ball, location: 2F
0-1: Ball
1-1: Ball
2-1: Ball
3-1: Foul Ball, location: 2F
3-2: SINGLE (Groundball, 6MD)
Sidney Gilbert scores
José Díaz to third
Guillermo Peña to second
Batting: LHB Zhen-bang Rao 0-0: Ball
1-0: DOUBLE (Line Drive, 9LS)
José Díaz scores
Guillermo Peña scores
Scotty Humphrey to third
Batting: RHB Jake Rutledge 0-0: Fly out, F4 (Flyball, 34D)
Batting: RHB Mario Ramírez 0-0: Ball
1-0: SINGLE (Groundball, 56D)
Scotty Humphrey scores
Zhen-bang Rao to third
Runner from 3rd tries for Home, SAFE, no throw
Batting: RHB Ramón Chávez 0-0: Ball
1-0: Foul Ball, location: 2F
1-1: Ball
2-1: Ball
3-1: Base on Balls
Mario Ramírez to second
Batting: RHB Chris Cox 0-0: Ball
1-0: Ball
2-0: Ball
Wild Pitch!
Mario Ramírez to third
Ramón Chávez to second
3-0: Called Strike
3-1: SINGLE (Groundball, 56S) (infield hit)
Mario Ramírez scores
Ramón Chávez to third
Pitching: RHP William Gilmore
Batting: RHB Sidney Gilbert 0-0: Foul Ball, location: 2F
0-1: Fly out, F8 (Flyball, 8RM)
Batting: RHB José Díaz 0-0: Ball
1-0: Ball
2-0: Ball
3-0: Base on Balls
Chris Cox to second
Batting: LHB Guillermo Peña 0-0: Called Strike
0-1: Called Strike
0-2: Foul Ball, location: 2F
0-2: Foul Ball, location: 2F
0-2: Ball
1-2: Ball
2-2: DOUBLE (Flyball, 78D)
Ramón Chávez scores
Chris Cox scores
José Díaz to third
Runner from 3rd tries for Home, throw and OUT!
Top of the 8th over - 13 run(s), 6 hit(s), 1 error(s), 1 left on base; Bishop Gorman HS 21 - Jeffersonville-Youngsville Central HS 8
BOTTOM OF THE 8TH
Jeffersonville-Youngsville Central HS Trojans batting - Pitching for Bishop Gorman HS Balbasaurs : RHP Keith Crabtree
Batting: RHB José Rocha 0-0: Ball
1-0: Ball
2-0: Ground out 6-3 (Groundball, 6)
Batting: RHB Steve Mitchell 0-0: Called Strike
0-1: Ball
1-1: Swinging Strike
1-2: Ball
2-2: Strikes out looking
Batting: LHB Ben Webb 0-0: Called Strike
0-1: Ball
1-1: Ball
2-1: Ball
3-1: Foul Ball, location: 2F
3-2: Foul Ball, location: 2F
3-2: Ground out U3 (Groundball, 34)
Bottom of the 8th over - 0 run(s), 0 hit(s), 0 error(s), 0 left on base; Bishop Gorman HS 21 - Jeffersonville-Youngsville Central HS 8
TOP OF THE 9TH
Bishop Gorman HS Balbasaurs batting - Pitching for Jeffersonville-Youngsville Central HS Trojans : RHP William Gilmore
Batting: RHB Scotty Humphrey 0-0: Ball
1-0: Ball
2-0: Called Strike
2-1: Called Strike
2-2: Foul Ball, location: 2F
2-2: Strikes out swinging
Batting: LHB Zhen-bang Rao 0-0: Called Strike
0-1: Foul Ball, location: 2F
0-2: Ball
1-2: Foul Ball, location: 2F
1-2: Ball
2-2: Ball
3-2: Base on Balls
Batting: RHB Jake Rutledge 0-0: Ball
1-0: Ball
Wild Pitch!
Zhen-bang Rao to second
2-0: Ball
3-0: Called Strike
3-1: Called Strike
3-2: Fly out, F7 (Line Drive, 7)
Batting: RHB Mario Ramírez 0-0: Ball
1-0: Foul Ball, location: 2F
1-1: Ball
2-1: Ball
3-1: Base on Balls
Batting: RHB Ramón Chávez 0-0: DOUBLE (Flyball, 78D)
Zhen-bang Rao scores
Mario Ramírez to third
Runner from 3rd tries for Home, SAFE, no throw
Batting: RHB Chris Cox 0-0: Swinging Strike
0-1: Swinging Strike
0-2: Strikes out looking
Top of the 9th over - 2 run(s), 1 hit(s), 0 error(s), 1 left on base; Bishop Gorman HS 23 - Jeffersonville-Youngsville Central HS 8
BOTTOM OF THE 9TH
Jeffersonville-Youngsville Central HS Trojans batting - Pitching for Bishop Gorman HS Balbasaurs : RHP Keith Crabtree
Batting: RHB Ben Bradley 0-0: Foul Ball, location: 2F
0-1: Ball
1-1: Fly out, F9 (Flyball, 9LSF)
Pitching: RHP Rafael Moreno
Batting: LHB Tomás Mata 0-0: Ball
1-0: Foul Ball, location: 2F
1-1: Ball
2-1: Ball
3-1: Base on Balls
Batting: RHB Duane Bradley 0-0: Ball
1-0: Called Strike
1-1: Swinging Strike
1-2: Ball
2-2: Strikes out looking
Batting: RHB Robbie Harris 0-0: Ball
1-0: Called Strike
1-1: Fly out, F6 (Popup, 6D)
Bottom of the 9th over - 0 run(s), 0 hit(s), 0 error(s), 1 left on base; Bishop Gorman HS 23 - Jeffersonville-Youngsville Central HS 8
Thursday, March 30th, 2017 - OOTP Baseball 17.12 Build 75